Cogmind - Beta 17.1 @@@ ROGUE MODE // 2026.09.22 @ 14:28:44 Player: profwumbo Result: Destroyed by D-53 Grenadier with Mini Grenade Launcher Performance ------------- Evolutions (0) 0 Regions Visited (2) 400 Robots Destroyed (8) 40 Value Destroyed (101) 101 Prototype IDs (0) 0 Alien Tech Used (0) 0 Bonus (0) 0 TOTAL SCORE: 541 Bonus ------- None Cogmind --------- Core Integrity 0/250 Matter 270/300 Energy 80/100 System Corruption 0% Temperature Cool (0) Movement Flying (40) Location -10/Mines Parts ------- > --- POWER (1) -------- (None) > --- PROPULSION (2) --- Flight Unit > --- UTILITY (2) ------ Sensor Array Improved Terrain Scanner > --- WEAPON (2) ------- (None) > --- INVENTORY (5) ---- Light Ion Engine Flight Unit Hacking Suite Grenade Launcher Peak State ------------ > --- POWER ------------ Light Ion Engine > --- PROPULSION ------- Flight Unit Flight Unit > --- UTILITY ---------- Sensor Array Improved Terrain Scanner > --- WEAPON ----------- Small Laser Grenade Launcher > --- INVENTORY -------- Light Ion Engine Flight Unit Flight Unit Hacking Suite Grenade Launcher [Rating: 9] Favorites ----------- Power Light Ion Engine Engine Light Ion Engine Propulsion Flight Unit Flight Unit Flight Unit Utility Improved Terrain Scanner Device Improved Terrain Scanner Weapon Grenade Launcher Energy Gun Small Laser Launcher Grenade Launcher Build | -11 -10 -10 ------- Run | Yrd Mat Min Slots Evolved . | . . . Power . | . . . Propulsion . | . . . Utility . | . . . Weapon . | . . . Parts Attached 9 | 3 5 1 Power 1 | 1 . . Engine 1 | 1 . . Core . | . . . Reactor . | . . . Propulsion 4 | . 3 1 Treads . | . . . Leg . | . . . Wheel . | . . . Hover . | . . . Flight 4 | . 3 1 Utility 2 | 1 1 . Device 2 | 1 1 . Storage . | . . . Processor . | . . . Hackware . | . . . Protection . | . . . Artifact . | . . . Weapon 2 | 1 1 . Energy Gun 1 | 1 . . Energy Cannon . | . . . Ballistic Gun . | . . . Ballistic Cannon . | . . . Launcher 1 | . 1 . Special Weapon . | . . . Impact Weapon . | . . . Slashing Weapon . | . . . Piercing Weapon . | . . . Special Melee Weapon . | . . . Unidentified Prototypes . | . . . Parts Lost 4 | . . 4 Power 1 | . . 1 Propulsion 2 | . . 2 Utility . | . . . Weapon 1 | . . 1 Highest Loss Streak 4 | . . 4 To Critical Strikes . | . . . Average Backups 4 | 1 4 5 Power 1 | 1 1 1 Propulsion 1 | . 1 2 Utility . | . . 1 Weapon . | . 1 1 Tool/Special . | . . . Unused Backups 4 | . 1 3 Power 1 | . . 1 Propulsion . | . . . Utility 1 | . . 1 Weapon 2 | . 1 1 Tool/Special . | . . . Average Slot Usage (%) 77 | . 67 85 Engine 12 | . 10 14 Flight 24 | . 20 28 Device 23 | . 17 28 Energy Gun 4 | . 11 . Launcher 11 | . 9 14 Peak Build Rating 9 | 4 9 8 Average Rating 6 | 2 6 7 On Entrance 4 | . 4 8 Avg Prop Armor Cover (%) . | . . . Naked Turns . | . . . Heaviest Build 8 | 4 8 8 Greatest Support 8 | 3 8 8 Greatest Overweight (x) 1 | 1 . . Average Overweight (x) . | . . . Largest Inventory Capacity 5 | 5 5 5 Average Capacity 5 | 5 5 5 Most Carried 5 | 3 5 5 Average Carried 4 | 1 4 5 Final Capacity 5 | 5 5 5 Final Carried 5 | 3 5 4 Class Distribution -------------------- 100% | Mutant Dominant Class ---------------- Mutant | -10/Materials Mutant | -10/Mines Resources | -11 -10 -10 ----------- Run | Yrd Mat Min Matter Collected 380 | 240 113 27 Remotely . | . . . Salvage Created 116 | 69 47 . Parts 13 | 5 8 . Haulers Intercepted . | . . . Recyclers Shooed . | . . . Parts Field Recycled . | . . . Retrieved Matter . | . . . Parts Self-Destructed . | . . . Prevented . | . . . Parts Restored . | . . . Kills | -11 -10 -10 ------- Run | Yrd Mat Min Combat Hostiles Destroyed 3 | . 3 . AOE 3 | . 3 . Classes Destroyed 5 | 2 3 . Tunneler 1 | 1 . . Recycler 1 | 1 . . Operator 2 | . 2 . Watcher 1 | . 1 . Swarmer 3 | . 3 . Best Kill Streak 3 | 2 3 . Combat Bots Only 3 | . 3 . Max Kills in Single Turn 2 | 1 2 . Gunslinging . | . . . Exploded 2 | . 2 . Melee . | . . . Uniques/NPCs Destroyed . | . . . Combat | -11 -10 -10 -------- Run | Yrd Mat Min Hostile Shots Fired 29 | . 21 8 Missed 6 | . 6 . Hits 23 | . 15 8 Projectile 23 | . 15 8 AOE 8 | . . 8 Damage Taken 443 | . 145 298 Core 261 | . 84 177 Absorbed by Shields . | . . . Core Remaining (%) 100 | 100 . . Volleys Fired 15 | 3 8 4 Largest 2 | 1 2 1 Hottest 70 | 40 70 30 Shots Fired 20 | 3 13 4 Gun 8 | 3 5 . Cannon . | . . . Launcher 12 | . 8 4 Special . | . . . Kinetic . | . . . Thermal 8 | 3 5 . Explosive 12 | . 8 4 Electromagnetic . | . . . Robot Hit Streak 3 | 3 1 3 Robot Miss Streak 3 | . 3 . Penetration Max . | . . . Secondary Targets . | . . . Shots Hit Robots 7 | 3 1 3 Core Hits 15 | 3 7 5 Critical Kills . | . . . Critical Parts Destroyed . | . . . Critical Strikes . | . . . Melee Attacks . | . . . Impact . | . . . Slashing . | . . . Piercing . | . . . Sneak Attacks . | . . . Combat Hostiles . | . . . Follow-up Attacks . | . . . Damage Inflicted 442 | 34 335 73 Guns 45 | 34 11 . Cannons . | . . . Explosions 397 | . 324 73 Melee . | . . . Ramming . | . . . Kinetic . | . . . Thermal 45 | 34 11 . Explosive 397 | . 324 73 Electromagnetic . | . . . Impact . | . . . Slashing . | . . . Piercing . | . . . Highest Corruption . | . . . Average Corruption . | . . . Corruption Purged . | . . . Corruption Blocked . | . . . Overload Shots . | . . . Overflow Damage 16 | . 16 . Projectiles . | . . . Explosions 16 | . 16 . Melee . | . . . Knockbacks . | . . . Impact . | . . . Kinetic . | . . . Secondary . | . . . Self-Inflicted Damage 16 | . 16 . Shots 1 | . 1 . Rammed . | . . . Targets Rammed . | . . . Kicked . | . . . Crushed . | . . . Highest Temperature 34 | . 34 . Average Temperature 16 | . 16 . Received Heat Transfer . | . . . Siege Activations . | . . . Martial Activations . | . . . Shielding Activations . | . . . Robots Disrupted . | . . . Combat Hostiles . | . . . Robots Corrupted . | . . . Combat Hostiles . | . . . Parts Fried . | . . . Impact Corruptions . | . . . Robots Melted . | . . . Combat Hostiles . | . . . Parts Melted 1 | . 1 . Heat Transferred 100 | 75 25 . Parts Sabotaged . | . . . Parts Stolen . | . . . Parts Stripped . | . . . Power Chain Reactions . | . . . Alert | -11 -10 -10 ------- Run | Yrd Mat Min Maximum Alert Level . | . . . Low Security (%) 100 | 100 100 100 Level 1 . | . . . Level 2 . | . . . Level 3 . | . . . Level 4 . | . . . Level 5 . | . . . High Security . | . . . Max Security . | . . . Peak Influence 112 | 5 112 43 Initial 43 | . . 43 Average 31 | 2 68 12 Influence Increases 178 | 10 162 6 Destroy 0b10 Robot/C 60 | . 60 . Destroy 0b10 Robot/NC 25 | 10 15 . Destroy Leader 12 | . 12 . Successful Hack 12 | . 12 . Disable Machine 15 | . 15 . Destroy Structure 54 | . 48 6 Influence Decreases 178 | 10 50 118 Entered New Map 69 | . . 69 Time Decay 107 | 10 50 47 Lost Part 2 | . . 2 Squads Dispatched 1 | . 1 . Investigation . | . . . Extermination . | . . . Reinforcement 1 | . 1 . Assault . | . . . Garrison . | . . . Intercept . | . . . Searches Triggered . | . . . Construction Impeded . | . . . Haulers Reinforced . | . . . Active Scanning Responses . | . . . Cargo Convoy Interrupts . | . . . Stealth | -11 -10 -10 --------- Run | Yrd Mat Min Distress Signals . | . . . Communications Jammed . | . . . Distress Signals . | . . . Times Spotted 8 | . 6 2 Peak Tracking Total 4 | . 4 2 Tactical Retreats . | . . . Traps | -11 -10 -10 ------- Run | Yrd Mat Min Traps Triggered . | . . . Indirectly . | . . . Trap Hack Attempts . | . . . Triggered . | . . . Disarmed . | . . . Reprogrammed . | . . . Reused . | . . . Traps Extracted . | . . . Installed . | . . . Triggered . | . . . Machines | -11 -10 -10 ---------- Run | Yrd Mat Min Machines Disabled 1 | . 1 . Max in Single Turn 1 | . 1 . Machines Repaired . | . . . Machines Dismantled . | . . . Machines Sabotaged . | . . . Overloaded Fab Kills . | . . . Hacking | -11 -10 -10 --------- Run | Yrd Mat Min Machines Accessed 3 | . 3 . Terminals 3 | . 3 . Fabricators . | . . . Repair Stations . | . . . Recycling Units . | . . . Scanalyzers . | . . . Garrison Access . | . . . Total Hacks 6 | . 6 . Successful 2 | . 2 . Failed 4 | . 4 . Catastrophic 2 | . 2 . Database Lockouts . | . . . Manual 3 | . 3 . Terminals 6 | . 6 . Fabricators . | . . . Repair Stations . | . . . Recycling Units . | . . . Scanalyzers . | . . . Garrison Access . | . . . Terminal Hacks 2 | . 2 . Branch Access Points 1 | . 1 . Zone Layout 1 | . 1 . Fabricator Hacks . | . . . Repair Station Hacks . | . . . Recycling Unit Hacks . | . . . Scanalyzer . | . . . Garrison Access Hacks . | . . . Unauthorized Hacks . | . . . Terminals . | . . . Fabricators . | . . . Repair Stations . | . . . Recycling Units . | . . . Scanalyzers . | . . . Garrison Access . | . . . Data Cores Recovered 1 | . 1 . Used 1 | . 1 . Hacking Detections 3 | . 3 . Full Trace Events . | . . . Feedback Events . | . . . Feedback Blocked . | . . . Robot Schematics Acquired . | . . . Robots Built . | . . . Authchips . | . . . Time . | . . . Total Robot Build Rating . | . . . Part Schematics Acquired . | . . . Parts Built . | . . . Authchips . | . . . Time . | . . . Total Part Build Rating . | . . . Part Studies Acquired . | . . . Parts Repaired . | . . . Time . | . . . Parts Recycled . | . . . Recycled Matter . | . . . Retrieved Matter . | . . . Retrieved Components . | . . . Parts Scanalyzed . | . . . Part Schematics Acquired . | . . . Parts Damaged . | . . . Bothacking | -11 -10 -10 ------------ Run | Yrd Mat Min Used RIF Installer . | . . . Robots Hacked . | . . . Non-combat . | . . . Combat . | . . . Robot Hacks Applied . | . . . Relay Couplers Released . | . . . Fabnet Peak Effective % . | . . . Robots Rewired . | . . . Allies Hacked . | . . . Hacks Repelled . | . . . Allies | -11 -10 -10 -------- Run | Yrd Mat Min Total Allies . | . . . Largest Group . | . . . Highest-Rated Group . | . . . Highest-Rated Ally . | . . . Total Orders . | . . . Ally Attacks . | . . . Total Damage . | . . . Kills . | . . . Allies Corrupted . | . . . Allies Melted . | . . . Intel | -11 -10 -10 ------- Run | Yrd Mat Min Active Infowar (turns) 339 | 26 127 186 Sensors 216 | . 30 186 Terrain 339 | 26 127 186 Robot Analysis Total . | . . . Derelict Logs Recovered 1 | . . 1 Drone Launches . | . . . Drone Recoveries . | . . . Exploration | -11 -10 -10 ------------- Run | Yrd Mat Min Turns Passed 357 | 44 127 186 Spaces Moved 529 | 55 198 276 Core 91 | 55 36 . Treads . | . . . Legs . | . . . Wheels . | . . . Hover . | . . . Flight 438 | . 162 276 Fastest Speed 37 | 50 37 37 Average Speed 39 | 53 39 37 Slowest Speed 100 | 100 50 37 Overloaded Moves . | . . . Propulsion Burnouts . | . . . Robots Hopped . | . . . Potential Cave-ins . | . . . Cave-ins Triggered . | . . . Exploration Rate (%) 31 | 3 37 53 Regions Visited 2 Branch Regions 1 Pre-discovered Areas 1 | . . 1 Known Exits Taken 1 | . 1 . Unknown Exits Taken 1 | 1 . . Scrap Searched 1 | . . 1 Spaces Dug . | . . . Terrain Destroyed 53 | . 47 6 Melee . | . . . Projectile . | . . . AOE 53 | . 47 6 Terrain Rammed . | . . . Walls Destroyed . | . . . Machines Disabled . | . . . Actions | -11 -10 -10 --------- Run | Yrd Mat Min Total 654 | 65 233 356 Wait 89 | . 14 75 Move 527 | 54 197 276 Hop . | . . . Pick Up 8 | 2 6 . Fast Attach 4 | 3 1 . Attach 6 | 1 4 1 Detach 2 | 2 . . Swap 1 | . 1 . Drop 2 | . 2 . Fire 15 | 3 8 4 Melee . | . . . Ram . | . . . Kick . | . . . Crush . | . . . Escape Stasis . | . . . Rewire . | . . . Trap . | . . . Miscellaneous . | . . . Route ------- -11/Scrapyard -10/Materials -10/Mines (discovered 1 exit: [*Sub]) History --------- Turn | Location | Event 5 | -11/Scrapyard | Discovered new exit (range 16) 45 | -11/Scrapyard | Entered Materials 125 | -10/Materials | Identified exit to Mines 172 | -10/Materials | Entered Mines 175 | -10/Mines | Met a Derelict bent on vengeance 246 | -10/Mines | Discovered new exit (range 13) 317 | -10/Mines | Build established: Mutant 327 | -10/Mines | Assembled infested the area 347 | -10/Mines | Learned location of Zion (-7) 354 | -10/Mines | Core integrity fell below 50% 358 | -10/Mines | Core integrity fell below 20% 358 | -10/Mines | Destroyed by D-53 Grenadier with Mini Grenade Launcher Last Messages --------------- GOAL=ESCAPE Something is scanning the area. EXIT=FOUND U-05 Engineer lays Concrete. K-01 Serf collects debris. Extracted 27 matter. Searching scrap... Found Sml. Laser. Found 37 Matter. ALERT: Infestation in the mines, dispatching Demolisher response squad. Acquired derelict log, extracted data. World map updated: -7/Zion. C-45 Heavy ARC bursts open, deploying its payload. D-53 Grenadier unfolds itself. Flight Unit destroyed. Grenade Launcher destroyed. T-07 Excavator destroyed. Lgt. Ion Engine destroyed. Map ----- +----------------------------------------------------+ | ????????????????????????#????????????????????????? | | ?????????????????????#?????????????####??????????? | | ?????????????????################### ##?????????? | | ?????????????????# %[ ##????????? | | ?????????????????# #????????? | | ?????????????????# ###### ####### ######???? | | ?????????????????# #????# #?????## #???? | | ?????????????????# #???## #??????## #???? | | ?????????????????# #?#??# #???????# ####### ###?? | | ??????####???????# #????# #???#???# #???## ##? | | ??????# ##??#### #????# #??####?# ###?# ## | | ??????# #### #????# #?## ## #?# # | | ??????# ## #????# ### ### #?# | | ???????# #####????# ## ## #?## !! | | ???????## #????????# #??## ! | | ????????## ### #???#????##### #???### ! | | ??""?????# #?# #????????????##### #????## !! | | "???????# #?# #?#??????????????## ##????# | | """ #### #?# #??#?????????????## ? ##???##### | | """ ### ###########??????# #??#??## | | #### |####### #???## | | ##???????# ########### = #??## | | ????????## #???????## ! #### ##??# | | ???????## ##??????# #?### ###???## | | ????#??# ###????# #???## ##??????#X | | ?????#?# #?????# @ #????# ????????" | | #??????## #?????# #????# ??#?????" | | ????????## ##?#???# #???# ????????# | | ?####???## ##??????## #??# ????????# | | ## #??## ##??#?????## #?# ????????### | | # #??# ##??????????###### # ??????????# | | # #??# ###??????????????? # ??????????# | | ## #??# ########?????????? d ????????# | | ?# #??# $??? d ##### | | ## #### ### ???? | | # ## #????#######??????? % | | # ##??????????????????? ### | | ## ##????????????????????# ??# | | ?## ###????????????????????????? ???# | | ??######???????????????????????????? ????# | | ???????????????????????????????????? ?????# | | ???????????????????????????????????? ?????## | | ????????????????????????????????????? ## ?????## | | ????????????????????????? ?????????????## ?????# | | ????????????????????????????????#???????#??????# | | ????????????????????????????#??????????????????# | | ??????????????????????????????????????????????## | | ????????????????????????????????????###??????## | | ??????????????????????? ######### ##??????# | | ??????????????????????? ##????## | +----------------------------------------------------+ Best States ------------- Heat Dissipation 25 Energy Generation 10 Energy Capacity 125 Matter Stores 300 Matter Capacity 300 Sight Range 16 Robot Scan Range 14 Terrain Scan Range 16 Terrain Scan Density 10 Evasion (%) 62 Item Schematics ----------------- None Robot Schematics ------------------ None Fabricated ------------ Nothing Repaired ---------- Nothing Studied --------- None Alien Tech Used ----------------- None Achievements -------------- Dynamic Key Challenges ------------ None Game ------ Seed AutogunActivePendant Manual? 0 Play Time 00:14:29 Cumulative 37.8 hours Start 2026.09.22 @ 14:04:06 End 2026.09.22 @ 14:28:44 Sessions 1 Manual Loads 0 Difficulty Rogue Special Mode None Game No. 40 Rogue 30 Adventurer 5 Explorer 5 Win Type - Total 0 Types 0/0/0/0/0/0/0/0/0/0 Lore% 11 Gallery% 20 Achievement% 19 Wizard Run 0 Options --------- Layout 1 ASCII 0 Keyboard 1 Movement Vi Keybinds 0 Fullscreen 2 Font 24/Crisp Map View 50x35 Zoom Use 0% Tactical HUD 0 Map Filters NONE Filters NONE Steam 1 RUN: 99664d1c-55ab-4028-9e4f-3aa9937843be